 Dungeon Crawl Stone Soup version 0.28.0-53-g5a82cb258f (webtiles) character file.

Game seed: 14908233046625946928

6 tkbsonic5 the Sneak (level 1, 0/15 HPs)
             Began as a Naga Enchanter on Nov 29, 2022.
             Succumbed to an adder's poison
             ... on level 2 of the Dungeon.
             The game lasted 00:02:38 (300 turns).

tkbsonic5 the Sneak (Naga Enchanter)                 Turns: 300, Time: 00:02:39

Health: 0/15       AC:  1    Str: 10    XL:     1   Next: 90%
Magic:  3/3        EV:  9    Int: 15    God:
Gold:   24         SH:  0    Dex: 11    Spells: 4/4 levels left

rFire   . . .      SeeInvis +   a - +1 dagger
rCold   . . .      Faith    .   (no shield)
rNeg    . . .      Spirit   .   b - +0 robe
rPois   +          Reflect  .   (no helmet)
rElec   .          Harm     .   (no cloak)
rCorr   .          Rampage  .   (no gloves)
Will    .....                   (no barding)
Stlth   +++.......              (no amulet)
HPRegen 0.05/turn               (no ring)
MPRegen 0.08/turn               (no ring)

@: lethally poisoned (0 -> -2), short of breath, attractive, invisible, very
slow
A: AC +0, large, see invisible, deformed body, poison resistance, slowness 2,
spit poison 1, naga tail 1
a: Spit Poison


You were on level 2 of the Dungeon.
You visited 1 branch of the dungeon, and saw 2 of its levels.

You collected 24 gold pieces.

Inventory:

Hand Weapons
 a - a +1 dagger (weapon)
Armour
 b - a +0 robe (worn)
Scrolls
 d - a scroll of identify {unknown}


   Skills:
 * Level 0.3 Fighting
 * Level 1.2 Short Blades
 - Level 1.5 Dodging
 * Level 4.6 Stealth
 + Level 2.0 Spellcasting
 * Level 3.1 Hexes


You had 4 spell levels left.
You didn't know any spells.
Your spell library contained the following spells:

 Spells                   Type           Power      Damage    Failure   Level
 Ensorcelled Hibernation  Hex/Ice        12%        N/A       19%         2
 Confusing Touch          Hex            10%        N/A       19%         3
 Tukima's Dance           Hex            10%        N/A       19%         3
 Dazzling Flash           Conj/Hex       12%        N/A       34%         3


Dungeon Overview and Level Annotations

Branches:
Dungeon (1/15)

Altars:


Innate Abilities, Weirdness & Mutations

Your serpentine skin is tough. (AC +0)
You have supernaturally acute eyesight. (SInv)
Armour fits poorly on your strangely shaped body.
Your system is resistant to poisons. (rPois)
You cover ground very slowly.
You can spit poison.
You have a snake-like lower body.


Message History

You barely miss the giant cockroach.
The giant cockroach is almost dead.
The giant cockroach bites you.
You hit the giant cockroach.
You kill the giant cockroach!
You have got your breath back.
The rat bites you.
You hit the rat but do no damage. The rat barely misses you.
You hit the rat.
The rat is heavily wounded.
The rat bites you.
You hit the rat.
You kill the rat!
No target in view!
No target in view!
HP restored.
You now have 24 gold pieces (gained 13).
You see here a rat corpse.
e - a coppery potion An adder comes into view.
The adder hisses angrily.
The adder bites you.
You fail to use your ability.
The adder bites you.
You are poisoned.
The adder poisons you! The adder closely misses you.
You fade into invisibility!
You feel sick. The adder bites you.
* * * LOW HITPOINT WARNING * * *
You are too injured to fight recklessly!
You don't know any spells.
Aiming: Spit Poison (3% risk of failure)
Press: ? - help, Shift-Dir - straight line, f/p - adder
Aim: an adder (31% to hit)
The splash of poison misses the adder.
* * * LOW HITPOINT WARNING * * *
You feel sick. The adder bites you.
* * * LOW HITPOINT WARNING * * *
It was a potion of attraction.
You feel attractive to monsters.
You die...

#.........#
###.........#
........#####+#.
######..........
#..........
##.......... .
+...........
....####.####+#.
.......@......#
.......S..##..#
..........# #
##........#
########.. #.#
.# .#


You could see an adder.

Vanquished Creatures
  2 giant cockroaches
  A kobold (D:1)
  A quokka (D:1)
  A rat (D:2)
5 creatures vanquished.

Notes
Turn   | Place    | Note
-------+----------+-------------------------------------------
     0 | D:1      | tkbsonic5 the Naga Enchanter began the quest for the Orb.
     0 | D:1      | Reached XP level 1. HP: 15/15 MP: 3/3
   134 | D:1      | You fall into a shaft and drop 1 floor!
   300 | D:2      | Succumbed to an adder's poison

Illustrated notes

Levels and vault maps discovered:
D:1:      dpeg_arrival_renting, layout_rooms, chequers_serial_rivers_micro_d
D:2:      layout_basic, serial_shops, nicolae_shop_statue_plus,
          minmay_pentomino_o4, uniq_sigmund

Action                   || total
-------------------------++-------
Melee: Dagger            ||    20
 Abil: Spit Poison       ||     5
  Use: Potion            ||     2
Armor: Robe              ||     1
Dodge: Dodged            ||    14
